 Dungeon Crawl Stone Soup version 0.24-a0-512-g2b48af375b (webtiles) character file.

Game seed: 3574459393171608772

309 Gargoyl the Skirmisher (level 6, -1/52 HPs)
             Began as a Centaur Abyssal Knight on July 20, 2019.
             Was a Believer of Lugonu.
             Killed by divine providence
             ... invoked by an orc priest
              (16 damage)
             ... on level 3 of the Dungeon.
             The game lasted 00:04:56 (3233 turns).

Gargoyl the Skirmisher (Centaur Abyssal Knight)     Turns: 3233, Time: 00:04:57

Health: -1/52      AC: 16    Str: 18    XL:     6   Next: 17%
Magic:  8/8        EV:  1    Int: 11    God:    Lugonu [**....]
Gold:   71         SH:  7    Dex: 10    Spells: 5/5 levels left

rFire    . . .     SeeInvis .   a - +1 hand axe
rCold    + . .     Gourm    .   k - +0 shield
rNeg     . . .     Faith    .   s - +0 chain mail
rPois    .         Spirit   .   (no helmet)
rElec    .         Reflect  .   (no cloak)
rCorr    .         Harm     .   e - +2 pair of gloves {Str+3}
MR       .....     Rnd*Tele +   q - +1 centaur barding
Stlth    ..........             (no amulet)
HPRegen  0.17/turn              b - ring of teleportation (curse)
MPRegen  0.11/turn              l - ring of protection from cold

@: very quick
A: large, hooves 3, deformed body, speed 2, tough skin 3
a: Depart the Abyss, Bend Space, Renounce Religion


You were on level 3 of the Dungeon.
You worshipped Lugonu.
Lugonu was pleased with you.
You were not hungry.

You visited 1 branch of the dungeon, and saw 3 of its levels.
You visited the Abyss 1 time.

You collected 71 gold pieces.

Inventory:

Hand Weapons
 a - a +1 hand axe (weapon)
Missiles
 f - 2 javelins (quivered)
Armour
 e - a +2 pair of gloves of strength (worn)
 k - a +0 shield (worn)
 q - a +1 centaur barding (worn)
 s - a +0 chain mail (worn)
Jewellery
 b - a cursed ring of teleportation (left hand)
 l - a ring of protection from cold (right hand)
Wands
 d - a wand of flame (18)
Scrolls
 m - a scroll of identify
Potions
 g - 2 potions of might
 h - 2 potions of curing
 i - a potion of brilliance
 j - a potion of heal wounds
 n - a potion of agility
 o - a potion of degeneration {unknown}
 p - a potion of lignification {unknown}
Comestibles
 c - 5 rations
 r - 3 chunks of flesh


   Skills:
 + Level 3.8 Fighting
 + Level 3.2 Axes
 * Level 2.7 Armour
 * Level 1.7 Dodging
 + Level 0.7 Shields
 * Level 3.1 Invocations


You had 5 spell levels left.
You didn't know any spells.
Your spell library was empty.

Dungeon Overview and Level Annotations

Branches:
Dungeon (3/15)

Altars:


Innate Abilities, Weirdness & Mutations

You have hooves in place of feet.
Armour fits poorly on your strangely shaped body.
You cover ground very quickly.
You have extremely tough skin. (AC +3)


Message History

Unknown command.
You block the orc's attack.
The goblin shoots a stone.
The stone hits you but does no damage.
You see here a stone.
The orc priest calls down the wrath of Beogh upon you.
Beogh smites you!
* * * LOW HITPOINT WARNING * * *
You feel much better.
The goblin shoots a stone.
You block the stone.
The goblin shoots a stone.
The stone hits you but does no damage.
You see here a stone.
The orc priest mumbles some strange prayers to Beogh against you.
You barely resist.
The goblin shoots a stone.
The stone hits you but does no damage.
You see here a stone.
The orc priest mumbles some strange prayers to Beogh against you.
Beogh smites you!
* * * LOW HITPOINT WARNING * * *
The orc priest calls down the wrath of Beogh upon you.
Beogh smites you!
You die...

...........$.##........###.##....
.......>.........................
.g.g.........##........##.....##.
g...##...o....+).................
....##o..#o####........##........
......(..#...............#+###...
.#...o...####..)..$!..... #...
.........# #.......!... #...
.(.(.....# #...@....... .......#
.........#.............. ..?.#..#
..########....##.......).....#..#
..# #....##............ #... ..#
...!..##............ ###. ###
.......##........### #. # .......
......... . #. .... ......... #.
## ##.#+##


You could see an orc priest and an orc.

Vanquished Creatures
  2 orc priests (D:3)
  A bullfrog skeleton (D:2)
  Natasha (thrice) (D:2)
  A gnoll (D:1)
  3 adders
  6 worms
  3 leopard geckos (D:1)
  11 orcs
  6 giant cockroaches
  7 goblins
  14 hobgoblins
  7 kobolds
  6 bats
  2 frilled lizards
  8 rats
80 creatures vanquished.

Notes
Turn   | Place    | Note
-------+----------+-------------------------------------------
     0 | Abyss:1  | Gargoyl the Centaur Abyssal Knight began the quest for the
                  | Orb.
     0 | Abyss:1  | Reached XP level 1. HP: 19/19 MP: 2/2
    18 | Abyss:2  | Identified a scroll of acquirement
    21 | Abyss:2  | Noticed a shadow demon
    25 | D:1      | Escaped the Abyss
    96 | D:1      | Reached XP level 2. HP: 24/26 MP: 3/3
   167 | D:1      | Reached * piety under Lugonu
   397 | D:1      | Reached skill level 1 in Dodging
   745 | D:1      | Reached XP level 3. HP: 31/31 MP: 4/4
  1384 | D:2      | Noticed Natasha
  1392 | D:2      | Killed Natasha
  1392 | D:2      | Reached XP level 4. HP: 27/38 MP: 5/5
  1587 | D:2      | Reached ** piety under Lugonu
  1727 | D:2      | Noticed Natasha
  1736 | D:2      | Killed Natasha
  1750 | D:2      | Noticed Natasha
  1765 | D:2      | Killed Natasha
  1765 | D:2      | Reached XP level 5. HP: 15/46 MP: 7/7
  3061 | D:3      | Reached XP level 6. HP: 49/52 MP: 8/8
  3233 | D:3      | Killed from afar by an orc priest

Levels and vault maps discovered:
D:1:      dpeg_arrival_pond, layout_loops_corners, glass_columns_b
D:2:      layout_loops_ring, minivault_19, uniq_natasha
D:3:      layout_basic

Skill      XL: |  1  2  3  4  5 |
---------------+----------------+-----
Axes           | 2 3 |  3.2
Dodging        | 1 |  1.7
Armour         | 2 |  2.7
Invocations    | 3 |  3.1
Fighting       | |  3.8
Shields        | |  0.7

Action                   |  1- 3 |  4- 6 || total
-------------------------+-------+-------++-------
Melee: Hand axe          |    64 |   181 ||   245
       Kick              |    12 |    36 ||    48
Throw: Javelin           |     1 |       ||     1
Invok: Depart the Abyss  |     1 |       ||     1
  Use: Scroll            |     2 |     6 ||     8
       Potion            |       |     1 ||     1
  Eat: Chunk             |       |     6 ||     6
Armor: Leather armour    |    10 |       ||    10
       Ring mail         |    24 |    86 ||   110
       Chain mail        |       |    63 ||    63
Dodge: Dodged            |    21 |    35 ||    56
Block: Shield            |    20 |    77 ||    97

Table legend:
 A = Non-vault XP
 B = Vault XP
 C = Vault XP percentage of total XP
 D = Non-vault monster count
 E = Vault monster count
 F = Vault count percentage of total count
                 A         B        C        D         E       F
            +---------+---------+-------+---------+---------+-------
      Total |     404 |      38 |   8.6 |      77 |       3 |   3.8
            +---------+---------+-------+---------+---------+-------
        D:1 |      56 |       3 |   5.1 |      23 |       2 |   8.0
        D:2 |     199 |      35 |  15.0 |      33 |       1 |   2.9
        D:3 |     149 |       0 |   0.0 |      21 |       0 |   0.0
            +---------+---------+-------+---------+---------+-------
